 Dungeon Crawl Stone Soup version 0.17-a0-2055-gb4e23be (webtiles) character file.

11995 4thArraOfDagon the Cleaver (level 11, 0/169 HPs)
             Began as a Deep Dwarf Berserker on Oct 11, 2015.
             Was a Priest of Trog.
             Slain by a cyclops (10 damage)
             ... on level 14 of the Dungeon.
             The game lasted 00:15:06 (2180 turns).

4thArraOfDagon the Cleaver (Deep Dwarf Berserker)   Turns: 2180, Time: 00:15:06

Health: 0/169      AC: 19    Str: 25    XL:     11   Next: 56%
Magic:  17/17      EV:  8    Int: 10    God:    Trog [***...]
Gold:   356        SH:  0    Dex: 12    Spells: 0 memorised, 10 levels left

rFire  + . .     SeeInvis .     F - +0 war axe
rCold  + . .     Clarity  .     G - +2 plate armour {rF+}
rNeg   . . .     SustAt   .     (no shield)
rPois  .         Gourm    .     (no helmet)
rElec  .         Spirit   .     (no cloak)
rCorr  .         Warding  .     e - +0 pair of gloves
rMut   .         Stasis   .     B - +0 pair of boots
MR     +++..                    (no amulet)
Stlth  ..........               H - ring of protection from cold
                                v - ring of stealth

@: berserking (expiring), non-regenerating, very quick, extremely resistant to
hostile enchantments, extremely unstealthy
A: damage resistance, recharge devices, breathe flames 1, dopey 1, sense
surroundings 2, robust 1, slow regeneration 3
a: Device Recharging, Burn Spellbooks, Berserk, Trog's Hand, Renounce Religion,
Breathe Fire


You were on level 14 of the Dungeon.
You worshipped Trog.
Trog was most pleased with you.
You were hungry.

You visited 1 branch of the dungeon, and saw 14 of its levels.

You collected 356 gold pieces.

Inventory:

Hand Weapons
 F - a +0 war axe (weapon)
 I - a +0 great mace
Armour
 e - a +0 pair of gloves (worn)
 B - a +0 pair of boots (worn)
 G - a +2 plate armour of fire resistance (worn)
Magical Staves
 q - an uncursed staff of conjuration {unknown}
Rods
 u - a -2 rod of destruction (9/9)
   (You found it on level 7 of the Dungeon)
Jewellery
 v - a ring of stealth (left hand)
 H - a ring of protection from cold (right hand)
Wands
 a - a wand of cold (7)
 c - a wand of heal wounds (0)
 r - a wand of fire (0)
 z - a wand of fireball (7)
 D - a wand of polymorph (10)
Scrolls
 b - 2 scrolls of identify
 g - 2 scrolls of enchant armour
 m - 3 scrolls of fog
 w - a scroll of remove curse
 x - a scroll of enchant weapon {unknown}
 y - 3 scrolls of blinking
 E - a scroll of teleportation
Potions
 i - 6 potions of curing
 j - a potion of cancellation
 k - a potion of heal wounds
 l - 2 potions of haste
 n - a potion of cure mutation
 J - a potion of resistance {unknown}
Books
 p - a book of Battle

   Spells                             Type                      Level
   a - Infusion                       Charms                       1
   b - Shroud of Golubria             Charms/Translocation         2
   c - Song of Slaying                Charms                       2
   d - Spectral Weapon                Hexes/Charms                 3
   e - Regeneration                   Charms/Necromancy            3
   Trog disapproves of the use of such an item.
 t - an Akashic Record

   Spells                             Type                      Level
   a - Dispersal                      Translocation                6
   b - Controlled Blink               Translocation                7
   c - Malign Gateway                 Summoning/Translocation      7
   d - Disjunction                    Translocation                8
   Trog disapproves of the use of such an item.
 A - a book of Death

   Spells                             Type                      Level
   a - Corpse Rot                     Necromancy                   2
   b - Sublimation of Blood           Necromancy                   2
   c - Agony                          Necromancy                   5
   d - Dispel Undead                  Necromancy                   5
   e - Excruciating Wounds            Charms/Necromancy            5
   f - Bolt of Draining               Conjuration/Necromancy       5
   Trog disapproves of the use of such an item.
 C - a Fen Folio

   Spells                             Type                      Level
   a - Corpse Rot                     Necromancy                   2
   b - Stone Arrow                    Conjuration/Earth            3
   c - Leda's Liquefaction            Hexes/Earth                  4
   d - Summon Forest                  Summoning/Translocation      5
   e - Hydra Form                     Transmutation                6
   f - Summon Hydra                   Summoning                    7
   Trog disapproves of the use of such an item.
Comestibles
 d - 3 bread rations
 f - 6 chunks of flesh
 h - 2 beef jerkies
 o - 4 fruits
 s - a meat ration


   Skills:
 + Level 8.3 Fighting
 * Level 13.3 Axes
 + Level 9.6 Armour
 - Level 2.1 Dodging
 + Level 9.6 Evocations


You had 10 spell levels left.
You didn't know any spells.

Dungeon Overview and Level Annotations

Branches:
Dungeon (14/15)            Temple (0/1) D:7          Vaults (0/5) D:13
   Lair: D:8-11         Orc: D:9-12

Altars:
Nemelex Xobeh
The Shining One

Annotations:
D:8 exclusion: ice statue
D:14 Agnes


Innate Abilities, Weirdness & Mutations

You are resistant to damage.
You can recharge devices by infusing magical energy.
You passively map the area around you.
You do not regenerate naturally.
You can breathe flames.
You are dopey. (Int -2)
You are robust (+10% HP).


Message History

Agnes is moderately wounded.
Agnes hits you with a lajatang!
The cyclops hits you but does no damage.
Unknown command.
You slash the cyclops!
The cyclops is moderately wounded.
You slash Agnes!
Agnes is moderately wounded.
Agnes hits you with a lajatang!!
* * * LOW HITPOINT WARNING * * *
Unknown command.
Unknown command.
You slash the cyclops!
The cyclops is severely wounded.
Your plate armour prevents you from hitting Agnes.
Agnes is moderately wounded.
Agnes hits you with a lajatang!!
* * * LOW HITPOINT WARNING * * *
The cyclops hits you!
You die...

*,* * * , , * ...# ,
* , *** #...# * *
#...# #...# ,
#...########* * ,
#..........., * ,
##.#####iT.###.....
,
#.$....@Cl.........
, * ,*
......†............
, ,
#./...............#,
,, , ,
...####.........# ,
,## #.....##.... ,,
, * * #.....# ### ,
*, * #.....# , *
#.....# * *
##...########### *


You could see Agnes, a cyclops, a komodo dragon and a troll.

Vanquished Creatures
  2 vault guards (D:13)
  5 wizards (D:13)
  Pikel (D:7)
  2 hill giants
  A cyclops (D:10)
  The ghost of Nico3ck the Cleaver, a novice HOBe of Trog (D:5)
  A gargoyle (D:10)
  A centaur skeleton (D:14)
  A troll (D:13)
  A slime creature (D:10)
  A shadow (D:14)
  A wyvern (D:9)
  17 humans (D:13)
  A hippogriff (D:9)
  A vampire mosquito (D:13)
  A sky beast (D:7)
  An eye of draining (D:9)
  4 orc warriors
  An ice beast (D:9)
  3 centaurs (D:10)
  A crocodile (D:14)
  2 scorpions (D:9)
  2 killer bees (D:10)
  2 crimson imps (D:14)
  4 orc priests
  A jelly (D:8)
  An iguana (D:9)
  Ijyb (D:2)
  A giant frog zombie (D:10)
  4 hounds
  A giant frog skeleton (D:7)
  5 orc wizards
  5 worker ants
  A killer bee zombie (D:10)
  A worker ant zombie (D:7)
  5 adders
  A worm (D:2)
  A giant gecko (D:3)
  16 orcs
  A ball python (D:2)
  3 giant cockroaches
  6 goblins (D:2)
  3 hobgoblins
  12 jackals
  2 bats (D:2)
  2 giant newts
  A goblin skeleton (D:5)
  A goblin zombie (D:5)
  3 hobgoblin zombies (D:5)
  2 orc zombies (D:5)
  A rat (D:2)
139 creatures vanquished.

Vanquished Creatures (others)
  A wyvern skeleton (D:7)
1 creature vanquished.

Grand Total: 140 creatures vanquished

Notes
Turn   | Place    | Note
--------------------------------------------------------------
     0 | D:1      | 4thArraOfDagon the Deep Dwarf Berserker began the quest for the Orb.
     0 | D:1      | Reached XP level 1. HP: 20/20 MP: 1/1
   138 | D:2      | Reached XP level 2. HP: 17/28 MP: 2/2
   142 | D:2      | Noticed Ijyb
   157 | D:2      | Killed Ijyb
   157 | D:2      | Reached skill level 4 in Axes
   157 | D:2      | Reached XP level 3. HP: 29/34 MP: 3/3
   222 | D:2      | :S
   294 | D:2      | Acquired Trog's second power
   332 | D:3      | Reached XP level 4. HP: 19/42 MP: 4/4
   415 | D:5      | Entered Level 5 of the Dungeon
   470 | D:5      | Found a glowing golden altar of the Shining One.
   476 | D:5      | Noticed Nico3ck's ghost (novice HOBe)
   513 | D:5      | Killed Nico3ck's ghost
   513 | D:5      | Reached skill level 6 in Axes
   513 | D:5      | Reached XP level 5. HP: 47/50 MP: 5/5
   513 | D:5      | Reached XP level 6. HP: 53/57 MP: 6/6
   537 | D:5      | Noticed a phantom
   636 | D:6      | Gained mutation: You are dopey. (Int -2) [potion of mutation]
   636 | D:6      | Gained mutation: You are robust (+10% HP). [potion of mutation]
   636 | D:6      | Gained mutation: You can breathe flames. [potion of mutation]
   648 | D:5      | Noticed an ogre
   694 | D:7      | Reached XP level 7. HP: 67/70 MP: 7/7
   695 | D:7      | Found a staircase to the Ecumenical Temple.
   773 | D:7      | Noticed Pikel
   776 | D:7      | WHY
   786 | D:7      | Killed Pikel
   786 | D:7      | Reached skill level 5 in Fighting
   786 | D:7      | Reached skill level 7 in Axes
   786 | D:7      | Reached skill level 5 in Armour
   786 | D:7      | Reached XP level 8. HP: 81/81 MP: 8/8
   790 | D:7      | Reached skill level 8 in Axes
   842 | D:7      | Identified a -2 rod of destruction (9/9) (You found it on level 7 of the Dungeon)
   890 | D:9      | Reached skill level 1 in Evocations
  1057 | D:9      | Reached skill level 9 in Axes
  1154 | D:8      | Noticed an ice statue
  1171 | D:10     | Entered Level 10 of the Dungeon
  1179 | D:10     | Noticed a gargoyle
  1195 | D:10     | Gained mutation: You passively map the area around you. [Deep Dwarf growth]
  1195 | D:10     | Reached XP level 9. HP: 90/90 MP: 10/10
  1199 | D:10     | Killed a gargoyle
  1312 | D:10     | Noticed a slime creature
  1326 | D:10     | Noticed a hill giant
  1337 | D:10     | Killed a slime creature
  1337 | D:10     | Reached skill level 10 in Axes
  1338 | D:10     | Killed a hill giant
  1338 | D:10     | Reached skill level 5 in Evocations
  1344 | D:10     | Noticed a cyclops
  1355 | D:10     | Killed a cyclops
  1473 | D:9      | Found a sparkling altar of Nemelex Xobeh.
  1532 | D:11     | Noticed a hill giant
  1545 | D:11     | Killed a hill giant
  1545 | D:11     | Reached skill level 11 in Axes
  1545 | D:11     | Reached XP level 10. HP: 70/101 MP: 12/14
  1947 | D:13     | Noticed a wizard
  1951 | D:13     | Noticed a wizard
  1951 | D:13     | Noticed a wizard
  1965 | D:13     | Killed a wizard
  1966 | D:13     | Killed a wizard
  1966 | D:13     | Reached skill level 12 in Axes
  1973 | D:13     | Killed a wizard
  1974 | D:13     | Reached XP level 11. HP: 110/110 MP: 14/16
  2043 | D:13     | Found a gate to the Vaults.
  2043 | D:13     | Noticed a vault guard
  2043 | D:13     | Noticed a wizard
  2043 | D:13     | Noticed a wizard
  2043 | D:13     | Noticed a vault guard
  2058 | D:13     | Killed a vault guard
  2059 | D:13     | Killed a wizard
  2065 | D:13     | Killed a wizard
  2065 | D:13     | Reached skill level 13 in Axes
  2066 | D:13     | Killed a vault guard
  2165 | D:14     | Noticed Agnes
  2180 | D:14     | Slain by a cyclops

Vault maps used:
D:1:      eino_arrival_cavern_e, minmay_misc_feat_tower
D:2:      kennysheep_the_goblin_king, lemuel_doored_altar
D:3:      first_bread
D:4:      elyvilon_altar_5, serial_shops, shop_fountains, trog_butcher_becter,
          uniq_grinder, uniq_crazy_yiuf_cottage, uniq_natasha
D:5:      zin_scriptorium, nicolae_tso_besieged_by_evil
D:6:      lemuel_zombie_altar_kikubaaqudgha
D:7:      lemuel_mausoleum_altar_yredelemnul,
          grunt_temple_overflow_lords_of_destruction, temple_fountains,
          uniq_pikel
D:8:      minmay_separated_statues, old_standard_altar,
          nicolae_gozag_cash_rules_everything_around_me, cheibriados_altar_1,
          lair_0_dummy, serial_shops, shop
D:9:      kennysheep_mini_moat, basic_altar, hangedman_little_slice_of_home
D:10:     minmay_ornate_pinched, serial_shops, shop
D:11:     minmay_orc_entry_temple_small, lemuel_old_faithful, uniq_grum,
          uniq_psyche
D:12:     uniq_erolcha, uniq_nessos
D:13:     grunt_vaults_entry_tiered, special_room
D:14:     basic_altar, uniq_agnes

Action                   |  1- 3 |  4- 6 |  7- 9 | 10-12 || total
-------------------------+-------+-------+-------+-------++-------
Melee: Hand axe          |    61 |    68 |   217 |   116 ||   462
       War axe           |       |       |       |    39 ||    39
Invok: Berserk           |     2 |     3 |     8 |     7 ||    20
       Trog's Hand       |     1 |     2 |     7 |     6 ||    16
 Abil: Device Recharging |       |       |     1 |       ||     1
Evoke: Wand              |       |     3 |    10 |     3 ||    16
  Use: Scroll            |     3 |     6 |     4 |     3 ||    16
       Potion            |       |     1 |       |     1 ||     2
  Eat: Chunk             |       |     4 |    12 |    10 ||    26
